 Dungeon Sprint DCSS version 0.31-a0-182-gc5ef74bbde (webtiles) character file.

Game seed: 10837627515953401465

340 rocky1 the Carver (level 6, -5/48 HPs)
             Began as a Demonspawn Gladiator on June 22, 2023.
             Was a High Priest of Cheibriados.
             Succumbed to a gnoll sergeant's poison
             ... in the Dungeon (Sprint VII: "The Pits").
             The game lasted 00:02:10 (375 turns).

rocky1 the Carver (Demonspawn Gladiator)             Turns: 375, Time: 00:02:11

Health: -5/48      AC: 13    Str: 25    XL:     6   Next: 30%
Magic:  10/10      EV: 14    Int: 20    God:    Cheibriados [*****.]
Gold:   0          SH:  4    Dex: 28    Spells: 5/5 levels left

rFire   . . .        a - +0 long sword
rCold   . . .        (no shield)
rNeg    . . .        o - +3 chain mail
rPois   .            c - +0 helmet
rElec   .            (no cloak)
rCorr   .            (no gloves)
SInv    .            (no boots)
Will    .....        (no amulet) Stlth
                     (no ring)
HPRegen 0.28/turn    (no ring)
MPRegen 0.12/turn

%: no teleportation
@: lethally poisoned (-5 -> -26), on berserk cooldown, slowed, very slow
A: hooves 1, spiny 1, condensation shield, demonic touch 2
a: Renounce Religion, Bend Time, Temporal Distortion, Slouch, Step From Time


You were in the Dungeon.
You worshipped Cheibriados.
Cheibriados was extremely pleased with you.
You visited 1 branch

Inventory:

Hand Weapons
 a - a +0 long sword (weapon)
Missiles
 d - 3 throwing nets (quivered)
 e - a javelin
Armour
 b - a +0 leather armour
 c - a +0 helmet (worn)
 o - a +3 chain mail (worn)
Scrolls
 k - a scroll of blinking
 m - 5 scrolls of amnesia
 n - a scroll of summoning
Potions
 f - 6 potions of curing
 g - 6 potions of heal wounds
 h - a potion of haste
 i - 4 potions of magic
 j - a potion of berserk rage
 l - 2 potions of invisibility


   Skills:
 + Level 4.0 Fighting
 * Level 9.0 Long Blades
 - Level 2.0 Throwing
 * Level 4.0 Armour
 + Level 6.0 Dodging
 + Level 0.5 Shields
 * Level 6.0 Invocations


You had 5 spell levels left.
You didn't know any spells.
Your spell library was empty.

Dungeon Overview and Level Annotations

Branches:
Dungeon (1/1)

Altars:
Ashenzari
Cheibriados
Dithmenos
Fedhas
Gozag
Hepliaklqana
Kikubaaqudgha
Makhleb
Nemelex Xobeh
Okawaru
Qazlal
Ru
Sif Muna
Trog
Uskayaw
Vehumet
Wu Jian
Xom
Yredelemnul
Jiyva
Lugonu


Innate Abilities, Weirdness & Mutations

You have large cloven feet.
You are partially covered in sharp spines.
A meltable shield of frost defends you. (SH +4)
Your touch may inflict irresistible damage on your foes.


Message History

You can now step out of the flow of time.
Cheibriados raises the support of your attributes as your movement slows.
You block the gnoll's attack.
Your Fighting skill increases to level 4!
Your Invocations skill increases to level 6!
Unknown command.
A gnoll and an ogre come into view.
* * * LOW HITPOINT WARNING * * *
You feel extremely sick. You block the gnoll's attack.
The gnoll closely misses you. The gnoll is struck by your spines.
The gnoll hits you with a +0 flail.
* * * LOW HITPOINT WARNING * * *
There is an open door here.
Items here: ) [[ ††.
You closely miss the gnoll.
* * * LOW HITPOINT WARNING * * *
You feel very sick. The gnoll barely misses you.
You block the gnoll's attack. x2
A gnoll comes into view. It is wielding a +0 flail.
Unknown command.
The gnoll shouts!
You slash the gnoll!
You touch the gnoll.
You kill the gnoll!
Cheibriados thoroughly appreciates the change of pace.
* * * LOW HITPOINT WARNING * * *
You feel very sick. You block the gnoll's attack. The gnoll barely misses you.
The quasit is struck by your spines.
The quasit bites you but does no damage.
The quasit misses you. The quasit closely misses you.
Your Long Blades skill increases to level 9!
Your Armour skill increases to level 4!
Your Dodging skill increases to level 6!
Unknown command.
The gnoll attacks as you move away! The gnoll hits you with a +0 flail.
* * * LOW HITPOINT WARNING * * *
You are no longer berserk.
You are exhausted.
You feel yourself slow down.
You die...

#'#####'#####.....
#.#.†#...'.##.....
#.#..#...#.#####'#
#.#..#####.##.....
#.#..'...#)##.....
#.#..'..†'.##.....
#.#..########...<.
#.#..'.)))[##.....
#@#..#.))).##.....
#)###########.....
#5ggOg..# ######
#..#g#..# #.## #
#.. #.# #.. #..


You could see a quasit and a gnoll.

Vanquished Creatures
  A warg (D)
  A floating eye (D)
  A gnoll sergeant (D)
  3 gnolls (D)
  A river rat (D)
  An adder (D)
  An ufetubus (D)
  An endoplasm (D)
  2 giant cockroaches (D)
  A goblin (D)
  2 rats (D)
15 creatures vanquished.

Notes
Turn   | Place    | Note
-------+----------+-------------------------------------------
     0 | D        | rocky1 the Demonspawn Gladiator began the quest for the
                  | Orb.
     0 | D        | Reached XP level 1. HP: 16/16 MP: 1/1
    17 | D        | Reached skill level 3 in Long Blades
    21 | D        | Found a bloodstained altar of Trog.
    21 | D        | Found a shimmering blue altar of Sif Muna.
    21 | D        | Found a viscous altar of Jiyva.
    21 | D        | Found a hazy altar of Hepliaklqana.
    21 | D        | Found an opulent altar of Gozag.
    22 | D        | Found a basalt altar of Yredelemnul.
    22 | D        | Found a shimmering altar of Xom.
    22 | D        | Found an ornate altar of the Wu Jian Council.
    22 | D        | Found a sacrificial altar of Ru.
    22 | D        | Found a stormy altar of Qazlal.
    22 | D        | Found an iron altar of Okawaru.
    22 | D        | Found a sparkling altar of Nemelex Xobeh.
    22 | D        | Found a burning altar of Makhleb.
    22 | D        | Found a blossoming altar of Fedhas.
    22 | D        | Found a shadowy altar of Dithmenos.
    22 | D        | Found a snail-covered altar of Cheibriados.
    25 | D        | Found a corrupted altar of Lugonu.
    25 | D        | Found a radiant altar of Vehumet.
    26 | D        | Found an ancient bone altar of Kikubaaqudgha.
    26 | D        | Found a hide-covered altar of Uskayaw.
    26 | D        | Found a broken altar of Ashenzari.
    35 | D        | Became a worshipper of Cheibriados the Contemplative
    72 | D        | Noticed a floating eye
    76 | D        | Killed a floating eye
    77 | D        | Reached skill level 6 in Long Blades
    77 | D        | Gained mutation: A meltable shield of frost defends you.
                  | (SH +4) [demonic ancestry]
    77 | D        | Reached XP level 2. HP: 24/24 MP: 1/4
    77 | D        | Discovered your monstrous ancestry.
    77 | D        | Gained mutation: Your touch may inflict minor irresistible
                  | damage on your foes. [demonic ancestry]
    77 | D        | Reached XP level 3. HP: 29/29 MP: 1/5
    77 | D        | Gained mutation: You have large cloven feet. [demonic
                  | ancestry]
    77 | D        | Reached XP level 4. HP: 35/35 MP: 1/6
   237 | D        | Reached * piety under Cheibriados
   238 | D        | Reached ** piety under Cheibriados
   243 | D        | Noticed a warg
   258 | D        | Killed a warg
   259 | D        | Reached skill level 8 in Long Blades
   259 | D        | Reached skill level 5 in Dodging
   259 | D        | Reached skill level 5 in Invocations
   259 | D        | Gained mutation: Your touch may inflict irresistible damage
                  | on your foes. [demonic ancestry]
   259 | D        | Reached XP level 5. HP: 42/42 MP: 6/8
   259 | D        | Reached *** piety under Cheibriados
   360 | D        | Reached **** piety under Cheibriados
   370 | D        | Gained mutation: You are partially covered in sharp spines.
                  | [demonic ancestry]
   370 | D        | Reached XP level 6. HP: 47/48 MP: 10/10
   371 | D        | Reached ***** piety under Cheibriados
   375 | D        | Reached skill level 9 in Long Blades
   375 | D        | HP: 1/72 [gnoll/+0 flail[a gnoll sergeant] (3)]
   375 | D        | Succumbed to a gnoll sergeant's poison

Illustrated notes

Levels and vault maps discovered:
D:        pitsprint [storerooms_1, entrance_room_1, metal_vault_8, armoury_2,
          mini_pit_1, grid_room_1, main_hall_1, silver_pit, the_coven_3,
          the_vestibule_1, steel_vault_3, golden_pit, hallway_of_sentries,
          crystal_vault_4, iron_vault_4, final_vault]

Skill      XL: |  1  2  3  4  5  6 |
---------------+-------------------+-----
Long Blades    | 6 8 9 |  9.0
Throwing       | 2 |  2.0
Dodging        | 4 5 6 |  6.0
Fighting       | 3 4 |  4.0
Armour         | 2 3 4 |  4.0
Invocations    | 3 5 6 |  6.0
Shields        | |  0.5

Action                     |  1- 3 |  4- 6 || total
---------------------------+-------+-------++-------
  Melee: Long sword        |     8 |    22 ||    30
         Kick              |       |     9 ||     9
         Touch             |       |     5 ||     5
    Use: Potion            |       |     2 ||     2
   Stab: Sleeping          |       |     1 ||     1
 Armour: Leather armour    |     3 |     1 ||     4
         Chain mail        |       |     8 ||     8
  Dodge: Dodged            |     9 |    29 ||    38
  Block: Other             |       |    11 ||    11

Table legend: (Time is in decaauts)
 A = Elapsed time spent in this place.
 B = Non-inter-level travel time spent in this place.
 C = Inter-level travel time spent in this place.
 D = Time resting spent in this place.
 E = Time spent auto-exploring this place.
 F = Levels seen in this place.
 G = Mean time per level.
                   A        B        C        D        E       F      G
               +--------+--------+--------+--------+--------+-----+--------+
         Total |    449 |    414 |     35 |    177 |      0 |   1 |  449.0 |
       Dungeon |    449 |    414 |     35 |    177 |      0 |   1 |  449.0 |
               +--------+--------+--------+--------+--------+-----+--------+

Top non-repeatable levels by time:
       D: 449 daAuts
